 Dungeon Crawl Stone Soup version 0.24.0-124-g2791043dd8 (webtiles) character file.

Game seed: 8958677450999689719, levelgen mode: deterministic

126 Peloso the Covered (level 4, -6/41 HPs)
             Began as a Minotaur Fighter on Feb 14, 2020.
             Was an Initiate of Okawaru.
             Mangled by Terence
             ... wielding a +0 mace
              (7 damage)
             ... on level 3 of the Dungeon.
             The game lasted 00:03:01 (1613 turns).

Peloso the Covered (Minotaur Fighter)               Turns: 1613, Time: 00:03:02

Health: -6/41      AC:  7    Str: 21    XL:     4   Next: 84%
Magic:  3/3        EV:  8    Int:  5    God:    Okawaru [......]
Gold:   80         SH:  9    Dex: 10    Spells: 3/3 levels left

rFire    . . .     SeeInvis .   a - +0 long sword
rCold    . . .     Gourm    .   c - +0 shield
rNeg     . . .     Faith    .   b - +0 scale mail
rPois    .         Spirit   .   (helmet restricted)
rElec    .         Reflect  .   (no cloak)
rCorr    .         Harm     .   (no gloves)
MR       .....                  (no boots)
Stlth    ..........             (no amulet)
HPRegen  0.13/turn              (no ring)
MPRegen  0.08/turn              (no ring)

@: lethally poisoned (-6 -> -9)
A: retaliatory headbutt, horns 2
a: Renounce Religion


You were on level 3 of the Dungeon.
You worshipped Okawaru.
Okawaru was noncommittal.
You were not hungry.

You visited 1 branch of the dungeon, and saw 3 of its levels.

You collected 80 gold pieces.

Inventory:

Hand Weapons
 a - a +0 long sword (weapon)
Armour
 b - a +0 scale mail (worn)
 c - a +0 shield (worn)
Scrolls
 e - a scroll of identify {unknown}
 g - 3 scrolls of magic mapping {unknown}
 h - a scroll of fear {unknown}
 i - 3 scrolls of amnesia {unknown}
 k - a scroll of remove curse {unknown}
Potions
 d - 2 potions of might
Comestibles
 f - 3 rations


   Skills:
 + Level 4.5 Fighting
 + Level 3.5 Long Blades
 + Level 4.8 Armour
 + Level 1.0 Dodging
 + Level 0.1 Stealth
 + Level 4.2 Shields


You had 3 spell levels left.
You didn't know any spells.
Your spell library was empty.

Dungeon Overview and Level Annotations

Branches:
Dungeon (3/15)

Altars:
Elyvilon
Okawaru
Vehumet

Annotations:
D:3 Grinder, Terence


Innate Abilities, Weirdness & Mutations

You reflexively headbutt those who attack you in melee.
You have a pair of horns on your head.


Message History

* * * LOW HITPOINT WARNING * * *
You feel sick.
There is a stone staircase leading down here.
You climb downwards.
Level annotation: Grinder, Terence
* * * LOW HITPOINT WARNING * * *
You feel sick. The bat hits you but does no damage. x2
Terence hits you but does no damage. You block Terence's attack.
There is a stone staircase leading up, spattered with blood here.
Unknown command.
You slash Terence! Your headbutt misses Terence.
Terence is heavily wounded.
* * * LOW HITPOINT WARNING * * *
You feel sick. You block the bat's attack. Terence barely misses you.
You furiously retaliate!
You headbutt Terence, but do no damage.
Unknown command.
You barely miss Terence.
Terence is heavily wounded.
The bat hits you but does no damage. Terence hits you with a +0 mace!
You die...

#...# #.#.
###...##.#..
###.......#...
............>
#.........
...5... #.@b#
#@# #.# #.#
..# .#.# .....
#. #.# #. #..
# ###


You could see Grinder, Terence and a bat.

Vanquished Creatures
  A scorpion (D:2)
  3 adders (D:2)
  An ooze (D:1)
  2 dart slugs
  A ball python (D:1)
  5 goblins
  7 hobgoblins
  2 jackals (D:1)
  8 bats
  A frilled lizard (D:1)
  6 kobolds
  4 rats
41 creatures vanquished.

Vanquished Creatures (others)
  A rat (D:2)
1 creature vanquished.

Grand Total: 42 creatures vanquished

Notes
Turn   | Place    | Note
-------+----------+-------------------------------------------
     0 | D:1      | Peloso the Minotaur Fighter began the quest for the Orb.
     0 | D:1      | Reached XP level 1. HP: 19/19 MP: 0/0
   235 | D:1      | Reached XP level 2. HP: 27/27 MP: 1/1
   692 | D:1      | Reached XP level 3. HP: 33/33 MP: 2/2
  1129 | D:2      | Found a white marble altar of Elyvilon.
  1129 | D:2      | Found an iron altar of Okawaru.
  1224 | D:2      | Became a worshipper of Warmaster Okawaru
  1346 | D:2      | Found a radiant altar of Vehumet.
  1472 | D:2      | Reached XP level 4. HP: 32/41 MP: 3/3
  1590 | D:3      | Noticed Grinder
  1594 | D:3      | Noticed Terence
  1595 | D:3      | Paralysed by Grinder for 5 turns
  1601 | D:2      | Reached skill level 1 in Dodging
  1611 | D:3      | HP: 2/41 [poisoned by a scorpion]
  1613 | D:3      | Mangled by Terence

Levels and vault maps discovered:
D:1:      lightli_arrival_maybe_door_vault, layout_loops_corners
D:2:      layout_loops_ring, gammafunk_temple_overflow_elements,
          fiery_altar_vehumet, minmay_tromino_v4_c
D:3:      layout_loops_ring, uniq_grinder, uniq_terence, uniq_ijyb

Skill      XL: |  1  2  3  4 |
---------------+-------------+-----
Armour         | 4 |  4.8
Fighting       | 4 |  4.5
Shields        | 4 |  4.2
Long Blades    | 3 |  3.5
Dodging        | 1 |  1.0
Stealth        | |  0.1

Action                   |  1- 3 |  4- 6 || total
-------------------------+-------+-------++-------
Melee: Long sword        |    90 |    10 ||   100
       Headbutt          |     9 |     2 ||    11
  Use: Potion            |     2 |       ||     2
  Eat: Chunk             |     1 |     1 ||     2
Armor: Scale mail        |    54 |    21 ||    75
Dodge: Dodged            |    32 |     3 ||    35
Block: Shield            |    63 |     8 ||    71
       Rpst.: Long sword |     3 |       ||     3
